AoeStats
← Malelf

Arabia

507919846Analyzed
1v1 RM · 11d ago on Sep 20, 2026· 40m 49s· 2 players
Game mode
Random Map
Map size
Tiny (2 player)
Population
200
Speed
Normal
Resources
Standard
Victory
Conquest
Starting age
Dark Age
Ending age
Imperial Age
RankedLock teamsTeams togetherTeam positionsShared explorationLock speedFull tech treeHidden civsTurbo modeCheats
Victory
Defeat
🇮🇹 Magyars · Italy
1690
+14
🇹🇷 Hindustanis · Türkiye
1643
-14
ツ Lupinamet
7:04 Loom
9:26 Feudal Age
10:21 Double-Bit Axe
20:58 Castle Age
19:48 Gold Mining
20:19 Bloodlines
20:30 Scale Barding Armor
20:08 Horse Collar
22:25 Chain Barding Armor
23:07 Husbandry
24:23 Town Watch
29:07 Wheelbarrow
31:03 Forging
36:15 Iron Casting
Malelf
6:33 Loom
9:10 Feudal Age
10:39 Double-Bit Axe
20:20 Castle Age
18:51 Gold Mining
19:22 Fletching
21:01 Wheelbarrow
20:10 Horse Collar
21:16 Bow Saw
21:20 Bodkin Arrow
22:17 Bloodlines
23:09 Padded Archer Armor
23:11 Husbandry
28:52 Ballistics
29:08 Leather Archer Armor
30:54 Thumb Ring
32:08 Heavy Plow
32:39 Stone Mining
36:14 Gold Shaft Mining
35:53 Pikeman
36:40 Scale Mail Armor
36:58 Hand Cart
40:35 Imperial Age
38:35 Chain Mail Armor
38:32 Town Watch
38:43 Arson
40:44 Heavy Cavalry Archer
41:50 Parthian Tactics
40:49 Halberdier
Connection lost

Rejoining the realm…

Still unreachable

The connection could not be restored.

Session expired

The server has moved on; the page needs a fresh start.